 Dungeon Crawl Stone Soup version 0.21.1-1-g345015f (webtiles) character file.

252 Iko the Chopper (level 5, -1/53 HPs)
             Began as a Troll Fighter on June 9, 2018.
             Was an Initiate of Nemelex Xobeh.
             Slain by Joseph
             ... wielding a +4 quarterstaff of protection
              (22 damage)
             ... on level 7 of the Dungeon.
             The game lasted 00:09:15 (976 turns).

Iko the Chopper (Troll Fighter)                      Turns: 976, Time: 00:09:16

Health: -1/53      AC:  5    Str: 24    XL:     5   Next: 89%
Magic:  4/4        EV: 16    Int:  5    God:    Nemelex Xobeh [......]
Gold:   63         SH:  9    Dex: 14    Spells: 4/4 levels left

rFire    . . .     SeeInvis .   a - +0 war axe
rCold    . . .     Gourm    +   c - +0 shield
rNeg     . . .     Faith    .   b - +0 robe
rPois    .         Spirit   .   (helmet restricted)
rElec    .         Reflect  .   (no cloak)
rCorr    +         Harm     .   (gloves unavailable)
MR       +....                  (boots unavailable)
Stlth    ++........             d - amulet of regeneration
HPRegen  0.97/turn              k - ring of resist corrosion
MPRegen  0.09/turn              h - ring of protection from magic

@: agile
A: large, unfitting armour, claws 3, repulsion field 1, fast metabolism 3,
gourmand, regeneration 1, shaggy fur 1, tough skin 2, evolution 1
a: Renounce Religion


You were on level 7 of the Dungeon.
You worshipped Nemelex Xobeh.
Nemelex Xobeh was noncommittal.
You were not hungry.

You visited 1 branch of the dungeon, and saw 7 of its levels.

You collected 63 gold pieces.

Inventory:

Hand Weapons
 a - a +0 war axe (weapon)
Missiles
 i - a tomahawk (quivered)
Armour
 b - a +0 robe (worn)
 c - a +0 shield (worn)
Jewellery
 d - an amulet of regeneration (around neck)
 h - a ring of protection from magic (right claw)
 k - a ring of resist corrosion (left claw)
Scrolls
 j - a scroll of remove curse
Comestibles
 f - 4 rations


   Skills:
 + Level 3.0 Fighting
 + Level 3.4 Axes
 + Level 0.3 Throwing
 + Level 3.3 Dodging
 + Level 3.3 Shields


You had 4 spell levels left.
You didn't know any spells.

Dungeon Overview and Level Annotations

Branches:
Dungeon (7/15)
 Temple: D:4-7

Altars:
Kikubaaqudgha
Nemelex Xobeh

Annotations:
D:7 Joseph


Innate Abilities, Weirdness & Mutations

You are too large for most types of armour.
You have claws for hands.
Your metabolism is lightning-fast.
You like to eat raw meat.
Your natural rate of healing is unusually fast.
You are covered in fur. (AC +1)
You have very tough skin. (AC +2)
You are surrounded by a mild repulsion field. (EV +2)
You evolve.


Message History

Joseph wields an uncursed quarterstaff of protection.
You block Joseph's attack.
Found an escape hatch in the floor.
You slash Joseph!
Joseph is moderately wounded.
You block Joseph's attack.
You barely miss Joseph.
Joseph is moderately wounded.
Joseph hits you with an uncursed quarterstaff of protection!
* * * LOW HITPOINT WARNING * * *
You feel better. Joseph misses you.
You hit Joseph.
Joseph is moderately wounded.
You block Joseph's attack. Joseph hits you but does no damage.
You slash Joseph!
Joseph is heavily wounded.
Joseph says, "I'm here to kill trespassers.
I like my job."
Joseph hits you with an uncursed quarterstaff of protection!!
You die...
Your body disappears without a glow.

.# ..# #+#.#.#
#.#.#.# #.#.#.#
.##.##.#.#.# # .#
>.....@..#.##.#
.# # #@......#..#
....#.>#.####..##
#.....(.# .....#
#.....#(##.#..#
##.#.....<....#
#.#..#..(#...#
#.#......(...#
...#........##
###########.#


You could see Joseph.

Vanquished Creatures
  A crimson imp (D:5)
  A bullfrog zombie (D:5)
  2 hounds
  Jessica (D:3)
  5 adders
  An ooze (D:1)
  A worm (D:3)
  A dart slug (D:2)
  2 leopard geckos
  2 orcs
  4 bats
  3 giant cockroaches
  4 goblins
  A quokka (D:3)
  A frilled lizard (D:3)
  2 kobolds (D:3)
  A quokka skeleton (D:4)
  4 rats
37 creatures vanquished.

Vanquished Creatures (others)
  A worker ant (D:7)
1 creature vanquished.

Grand Total: 38 creatures vanquished

Notes
Turn   | Place    | Note
-------+----------+-------------------------------------------
     0 | D:1      | Iko the Troll Fighter began the quest for the Orb.
     0 | D:1      | Reached XP level 1. HP: 22/22 MP: 0/0
    26 | D:1      | Reached XP level 2. HP: 18/29 MP: 1/1
   294 | D:2      | Reached XP level 3. HP: 12/36 MP: 2/2
   360 | D:3      | Noticed Jessica
   365 | D:3      | Reached XP level 4. HP: 32/44 MP: 3/3
   373 | D:3      | Killed Jessica
   495 | D:3      | Found an ancient bone altar of Kikubaaqudgha.
   554 | D:3      | Gained mutation: You evolve. [potion of mutation]
   554 | D:3      | Gained mutation: You are surrounded by a mild repulsion field. (EV +2) [potion of mutation]
   565 | D:3      | Became a worshipper of Kikubaaqudgha
   725 | D:4      | Reached XP level 5. HP: 50/52 MP: 4/4
   734 | D:4      | Found a sparkling altar of Nemelex Xobeh.
   742 | D:4      | Fell from the grace of Kikubaaqudgha
   742 | D:4      | Became a worshipper of Nemelex Xobeh the Trickster
   797 | D:5      | Entered Level 5 of the Dungeon
   797 | D:5      | Received a gift from Nemelex Xobeh
   961 | D:7      | Noticed Joseph
   976 | D:7      | Slain by Joseph

Skill      XL: |  1  2  3  4  5 |
---------------+----------------+-----
Axes           | 2 3 |  3.4
Shields        | 3 |  3.3
Dodging        | 3 |  3.3
Fighting       | 3 |  3.0
Throwing       | |  0.3

Action                   |  1- 3 |  4- 6 || total
-------------------------+-------+-------++-------
Melee: War axe           |    43 |    86 ||   129
Throw: Throwing net      |     1 |     1 ||     2
       Tomahawk          |       |     3 ||     3
  Use: Potion            |     1 |     5 ||     6
       Scroll            |     1 |     5 ||     6
  Eat: Chunk             |       |     8 ||     8
Armor: Robe              |    20 |    12 ||    32
Dodge: Dodged            |    16 |    37 ||    53
Block: Shield            |    35 |    52 ||    87
